Workbook
Name __123Graph_A: #REF!
Name __123Graph_AGraph2: #REF!
Name __123Graph_X: #REF!
Name _Fill: #REF!
Name _Key1: #REF!
Name _MttoRp2: #REF!
Name _scenchg1: #REF!
Name _Sort: #REF!
Name _X: #REF!
Name _X_10: #REF!
Name _X_3: #REF!
Name _X_4: #REF!
Name _X_5: #REF!
Name _X_6: #REF!
Name _X_7: #REF!
Name _X_8: #REF!
Name _X_9: #REF!
Name _Z: #REF!
Name _Z_10: #REF!
Name _Z_3: #REF!
Name _Z_4: #REF!
Name _Z_5: #REF!
Name _Z_6: #REF!
Name _Z_7: #REF!
Name _Z_8: #REF!
Name _Z_9: #REF!
Name a: #REF!
Name A_ARCINIEGAS: #REF!
Name A_impresión_IM: #REF!
Name AAA_10: #REF!
Name AAA_3: #REF!
Name AAA_4: #REF!
Name AAA_5: #REF!
Name AAA_6: #REF!
Name AAA_7: #REF!
Name AAA_8: #REF!
Name AAA_9: #REF!
Name aas: #REF!
Name ACTA1: #REF!
Name ACTA2: #REF!
Name ads: #REF!
Name AIU: #REF!
Name asdda: #REF!
Name asdf: #REF!
Name asdfds: #REF!
Name asdflkjh: #REF!
Name Base_datos_IM: #REF!
Name BOX__: #REF!
Name Buscar: #REF!
Name CANTIDAD: #REF!
Name CARRO: #REF!
Name CINCUENTA: #REF!
Name COSTODIRECTO: #REF!
Name Criterios_IM: #REF!
Name CUAL_10: #REF!
Name CUAL_3: #REF!
Name CUAL_4: #REF!
Name CUAL_5: #REF!
Name CUAL_6: #REF!
Name CUAL_7: #REF!

Sheet Estudio de Mercado
A1: COTIZACIONES HERRAMIENTAS E INSUMOS
A2: ELEMENTO | B2: DESCRIPCION | C2: UNIDAD | D2: DOTACIONES DEL TOLIMA | E2: DISTRIDOTACIONES | F2: DORA EXPRESS DEL TOLIMA | G2: FERREFLEJES | H2: CENTRAL PECUARIA | I2: ACEROS P&G | J2: COLFRUTALES | K2: CEMPROFOREST | L2: SEV COLOMBIA | M2: ALVARO RODRIGUEZ S. | N2: PROMEDIOS | O2: KILO | P2: GRAMO
A3: INSUMOS AGRICOLAS
A4: Abono orgánico compostado -Lombriabono | B4: Lombroabono: polvo granular color café oscuro con olor caracteristico a tierra húmeda, obtenido por medio de la transformacion de la materia orgánica con lombriz roja californiana. Con Registro ICA y etiquetado cada bulto indicando las caracteristicas fisicoquimicas y biologicas del lombriabono. | C4: Bulto 50 Kg | G4: 72100 | I4: 69300 | J4: 52500 | K4: 71334 | L4: 74550 | N4: =+(J4+K4+L4+G4+I4)/5 -> 67956.8 | O4: =+N4/50 -> 1359.136
A5: Insecticida granular (hormiga) | B5: Cebo toxico control hormiga cortadora de hoja (Ingrediente Activo: Abamectina: Avermectina B1a, mezcla de avermectinas) | C5: Libra 500 gr | G5: 39500 | H5: 25450 | I5: 42500 | N5: =+(G5+H5+I5)/3 -> 35816.667
A6: Fertilizante Quimico Compuesto (Tripe 15) | B6: Fertilizante quimico compuesto N-P-K: Nitrógeno Total 15% (con mayor contenido de Nitrógeno Amoniacal) Fósforo asimilable como (P2O5) ………… 15% Potasio Soluble en Agua (K2O) 15% Apariencia sólida granulado de color beige. Inoloro o débil olor. Ph (solución 5%) 5,5-6,0. Con REGISTRO ICA. | C6: Bulto 50 Kg | G6: 210000 | H6: 128700 | I6: 205480 | N6: =+(G6+H6+I6)/3 -> 181393.33 | O6: =+N6/50 -> 3627.8667
A7: Fertilizante Quimico Compuesto | B7: Agrimins (NPK. Em) | C7: Bulto 46 Kg | G7: 185000 | H7: 133800 | I7: 190000 | N7: =+(G7+H7+I7)/3 -> 169600 | O7: =+N7/46 -> 3686.9565
A8: Fertilizante Quimico Compuesto (Triple 18) | B8: Fertilizante quimico compuesto N-P-K: Nitrógeno Total 18,4% (con mayor contenido de Nitrógeno organico) Fósforo asimilable como (P2O5) ………… 18% Potasio Soluble en Agua (K2O) 18% Totalmente soluble en agua, 100 % asimilable diseñado para preparar soluciones nutritivas para uso foliar y radicular en todo tipo de cultivos. Con REGISTRO ICA. | C8: =+C6 -> Bulto 50 Kg | G8: 180000 | H8: 141800 | I8: 182300 | N8: =+(G8+H8+I8)/3 -> 168033.33 | O8: =+N8/50 -> 3360.6667
A9: Fertilizante | B9: Fosfato Diamonico DAP | C9: =+C7 -> Bulto 46 Kg | G9: 190200 | H9: 177400 | I9: 193450 | N9: =+(G9+H9+I9)/3 -> 187016.67 | O9: =+N9/46 -> 4065.5797
A10: Fertilizante Quimico Simple | B10: Urea | C10: =+C8 -> Bulto 50 Kg | G10: 180000 | H10: 116400 | I10: 182300 | N10: =+(G10+H10+I10)/3 -> 159566.67 | O10: =+N10/50 -> 3191.3333
A11: Herbicida graminicida (Galón/Ha) | B11: SOCIO | G11: 49200 | H11: 25150 | I11: 49750 | N11: =+(G11+H11+I11)/3 -> 41366.667
A12: GRAMINICIDA Lt | B12: CAMPERO | C12: Litro | G12: 49200 | H12: 33450 | I12: 48600 | N12: =+(G12+H12+I12)/3 -> 43750
A13: Insecticida Liquido | B13: Cipermitrina | C13: Litro | G13: 38650 | H13: 31250 | I13: 39650 | N13: =+(G13+H13+I13)/3 -> 36516.667
A14: Insecticida Liquido | B14: Amulet | C14: Litro | G14: 71000 | I14: 69780 | N14: =+(G14+H14+I14)/2 -> 70390
A15: Abonaza (Gr./Arb.) | B15: Gallinaza - Compost | C15: Bulto | G15: 41500 | H15: 27500 | I15: 42500 | N15: =+(G15+H15+I15)/3 -> 37166.667
A16: Correctivo | B16: Cal dolomita | C16: Bulto 50 Kg | G16: 36700 | H16: 21500 | I16: 37100 | N16: =+(G16+H16+I16)/3 -> 31766.667 | O16: =+N16/50 -> 635.33333
A17: Correctivo | B17: Hidroretenedor (Debe ser con copolimero de acrilamida y crilato de potasio. | C17: Kilo | G17: 65000 | H17: 70000 | I17: 68550 | N17: =+(G17+H17+I17)/3 -> 67850
A18: Pintura (Color Amarillo) | B18: Aceite | C18: Galon | G18: 48500 | I18: 49600 | N18: =+(G18+H18+I18)/2 -> 49050
A19: Disolvente | B19: Tiner | C19: Galon | G19: 38600 | I19: 39500 | N19: =+(G19+H19+I19)/2 -> 39050
A20: HERRAMIENTAS AGRICOLAS
A22: Lima | B22: Triangular 6" | C22: Unidad | G22: 5900 | H22: 4150 | I22: 7500 | N22: =+(G22+H22+I22)/3 -> 5850
A23: Machete | B23: Tres Canales 20" | C23: Unidad | G23: 29500 | H23: 25400 | I23: 29900 | N23: =+(G23+H23+I23)/3 -> 28266.667
A24: Azadon | B24: Pachuno con Cabo | C24: Unidad | G24: 48600 | H24: 42100 | I24: 45300 | N24: =+(G24+H24+I24)/3 -> 45333.333
A25: Paladraga | B25: Con Mango | C25: Unidad | G25: 73500 | H25: 59200 | I25: 75000 | N25: =+(G25+H25+I25)/3 -> 69233.333
A26: Palin | B26: Ahoyador con Cabo | C26: Unidad | G26: 38500 | H26: =19000+8613 -> 27613 | I26: 39500 | N26: =+(G26+H26+I26)/3 -> 35204.333
A27: Alambre | B27: Pua 12.5 x 350 Mts. | C27: Rollo | G27: 298500 | H27: 268000 | I27: 272180 | N27: =+(G27+H27+I27)/3 -> 279560
A28: Alambre dulce | B28: Galvanizado 12.5 x 25 Kilos | C28: Rollo | H28: 259777 | I28: 220000 | N28: =(H28+I28)/2 -> 239888.5 | O28: =+N28/25 -> 9595.54
A29: Pivotes | B29: Aislador Pivote Amarillo x 100 unidades (con puntilla) | C29: Bolsa | H29: 31535 | N29: =+H29 -> 31535
A30: Grapa | B30: Galvanizada 1 1/4" | C30: Kilo | G30: 8900 | H30: 7400 | I30: 8550 | N30: =+(G30+H30+I30)/3 -> 8283.3333
A31: Barra Acero | B31: 16 Lbs. | C31: Unidad | G31: 98500 | H31: 90800 | I31: 99500 | N31: =+(G31+H31+I31)/3 -> 96266.667
A32: Martillo | B32: Acero 27" | C32: Unidad | G32: 28500 | H32: 17500 | I32: 27900 | N32: =+(G32+H32+I32)/3 -> 24633.333
A33: Alicate | B33: Tipo Diablo | C33: Unidad | G33: 47600 | H33: 39100 | I33: 49200 | N33: =+(G33+H33+I33)/3 -> 45300
A34: Brocha | B34: Punta Verde 3" | C34: Unidad | G34: 14800 | I34: 15500 | N34: =+(G34+H34+I34)/2 -> 15150
A35: Fumigadora | B35: Bomba espalda 20 Lts | C35: Unidad | G35: 430600 | H35: 378550 | I35: 445000 | N35: =+(G35+H35+I35)/3 -> 418050
A36: ELEMENTOS DE PROTECCION PERSONAL
A37: Bota | B37: Caucho Caña Alta | C37: Par | D37: 60000 | E37: 75000 | F37: 68000 | N37: =+(D37+E37+F37)/3 -> 67666.667
A38: Guantes | B38: Carnaza | C38: Par | D38: 18000 | E38: 25000 | F38: 22000 | N38: =+(D38+E38+F38)/3 -> 21666.667
A39: Guantes | B39: nitrilo | C39: par | D39: 9000 | E39: 13000 | F39: 11000 | N39: =+(D39+E39+F39)/3 -> 11000
A40: Tapabocas | B40: Desechable, De tres pliegues, Con cordón elástico, Empaque individual | C40: Unidad | D40: 300 | E40: 1000 | F40: 360 | N40: =+(D40+E40+F40)/3 -> 553.33333
A41: Gafas | B41: Seguridad | C41: Unidad | D41: 15000 | E41: 19000 | F41: 17000 | N41: =+(D41+E41+F41)/3 -> 17000
A42: Sombrero | B42: Tipo Pava | C42: Unidad | D42: 30000 | E42: 48000 | F42: 43000 | N42: =+(D42+E42+F42)/3 -> 40333.333
A43: Camiseta | B43: Camibuso tipo polo, manga Larga, 100% algodón, gramaje de 18 con logo institucional bordado. | C43: Unidad | D43: 60000 | E43: 75000 | F43: 68000 | N43: =+(D43+E43+F43)/3 -> 67666.667
A44: POSTERIA GENERAL
A46: Poste (Cualquier color) | B46: Postes Plásticos fabricados con Polietileno de Alta Densidad (HDPE), de 8x8 X 210 cm. (macizos, no huecos), punta piramidal | C46: Unidad | J46: 45000 | K46: 44500 | L46: 46000 | N46: =+(J46+K46+L46)/3 -> 45166.667
A47: Poste | B47: Madera 10*10 Escuadra X 2.20 Mts. Inmunizado | C47: Unidad | J47: 30000 | K47: 29000 | L47: 29650 | N47: =+(J47+K47+L47)/3 -> 29550
A48: MATERIAL VEGETAL
A49: ELEMENTO | C49: UNNIDAD
A50: Plantula Forestal | B50: Bolsa de 10 x 18 Calibre 2; de 40 a 60 cm de Altura despues de bolsa. | C50: Unidad | J50: 5800 | K50: 5100 | L50: 5450 | N50: =+(J50+K50+L50)/3 -> 5450
A51: VALLAS GENERAL
A52: Valla 1x2 | B52: Conformada por dos columnas en madera rolliza de pino patula inmunizado de 5mt de alto con una base de 1mt, cubierta de impermeabilizante y dos travesaños de 4mt de ancho de la misma madera, las cuales llevaran talladas las estrías donde irán ancladas las tablas de las letras , estas tablas con un espesor de 2cm y con un ancho de 16.5 cm, serán en madera dura e inmunizada y a su vez machi-embradas para darle un mejor ajuste entre las mismas, las letras y logos irán tallados (vaciados) a una profundidad de 4 mm y pintados con esmalte tipo 1, para darle mayor durabilidad, la madera se le aplicara 3 manos de barnex exterior para protegerlo del sol y la lluvia, estos avisos será anclados a los dos huecos que tendrán un profundidad de 80 cm X 35 cm de ancho X 35 cm de largo, una vez parada la valla se le aplicara concreto de2500 psi, Para aislar la madera de la tierra y darle una mayor firmeza y durabilidad en su anclaje y buenas condiciones de la madera, en la parte inferior del hueco se instalara un piedra plana para evitar el hundimiento de la valla. | C52: Unidad | G52: 6300000 | I52: 6500000 | M52: 10600000 | N52: =+(G52+I52+M52)/3 -> 7800000
A54: COSTO MANO DE OBRA | B54: > 10 SMMLV
A55: SMLVM | B55: 1423500
A56: Aux. trasnporte | B56: 162000
A57: DEVENGADO MENSUAL | B57: =+B55+B56 -> 1585500
A58: Salud 8.5% | B58: =+B55*8.5% -> 120997.5
A59: PENSION 12% | B59: =+B55*8% -> 113880
A60: ARL 2.436% | B60: =+B55*2.436% -> 34676.46
A61: Parafiscales 9% | B61: =+B55*9% -> 128115
B62: =SUM(B57:B61) -> 1983169
A63: PRESTACIONES SOCIALES
A64: Primas 8.33% | B64: =+B57*8.3333% -> 132124.47
A65: Cesantías 8.33% | B65: =+B57*8.3333% -> 132124.47
A66: Intes/cesantías 12% | B66: =+((B65*30)*0.12/360)*12 -> 15854.937
A67: Vacaciones 4.17% | B67: =+B55*4.17% -> 59359.95
A68: TOTAL PRESTACIONES | B68: =SUM(B64:B67) -> 339463.83
A69: TOTAL COSTO POR MES | B69: =+B62+B68 -> 2322632.8
A70: JORNALES TRABAJADOR MES | B70: =+B62/30 -> 66105.632
A71: VR. JORNAL INCLUIDA CARGA PREST. | B71: =ROUND(B69/30,0) -> 77421

Sheet CERCA VIVA
B3: COSTOS ENRIQUECIMIENTO FORESTAL CORTOLIMA
B4: SISTEMA A IMPLEMENTAR: | C4: CERCA VIVA-Y/O ENRIQUECIMIENTO FORESTAL
B5: CORPORACIÓN / AAU: | C5: CORTOLIMA
B6: NOMBRE DEL PROYECTO : | C6: RESTAURACION ECOLOGICA PAI GUARINO- AMOYA 2026
B8: DISEÑO DE LA PLANTACIÓN | C8: ALEATORIO | E8: Costo Unitario ($)
B10: 1. Numero de plantulas arboreas por Ha (RP) | C10: frio | E10: 0
B11: 2. Número de Plántulas Arboreas por Ha (RP) | C11: Caliente | E11: 0
B12: 3. Número de Plántulas Arboreas por Ha (EF) | D12: 11126 | E12: ='Estudio de Mercado'!N50 -> 5450
B13: 4. Porcentaje de reposición % | C13: 0.15 | D13: =+D12*C13 -> 1668.9
B14: 6. Insumos Agricolas. | C14: Descripcion | D14: Cantidad Aplicación | E14: Costo $ / kg ó Lt
B15: Fertilizante Quimico Compuesto (Gr./Arb.) | C15: Agrimins (NPK.Em) | D15: 70 | E15: ='Estudio de Mercado'!O7 -> 3686.9565
B16: Fertilizante Quimico Simple (Gr./Arb.) | C16: UREA | D16: 75 | E16: ='Estudio de Mercado'!O10 -> 3191.3333
B17: Lombriabono (Gr./Arb.) | C17: Humus | D17: 400 | E17: ='Estudio de Mercado'!O4 -> 1359.136
B18: Fertilizante Quimico Compuesto (Gr./Arb.) | C18: Triple 15 | D18: 75 | E18: ='Estudio de Mercado'!O6 -> 3627.8667
B19: Correctivo (Gr./Arb.) | C19: Hidroretenedor | D19: 4.5 | E19: ='Estudio de Mercado'!N17 -> 67850
B20: Correctivo (Kg./Ha.) | C20: Cal dolomita | D20: 60 | E20: ='Estudio de Mercado'!O16 -> 635.33333
B21: Insecicida líquido (Lts/Ha.) | C21: Amulet | D21: 1 | E21: ='Estudio de Mercado'!N14 -> 70390
B22: Insecicida líquido (Lts/Ha.) | C22: Cipermetryna | D22: 1 | E22: ='Estudio de Mercado'!N13 -> 36516.667
B23: 7. Costo Jornal Promedio Region (seguridad social, aportes parafiscales, prestaciones sociales) | C23: Jornal | D23: Global | E23: ='Estudio de Mercado'!B71 -> 77421
B24: 8. Herramientas (5% de la MAO) | C24: Global | D24: 0.05
B25: 9. Elementos de Proteccion Personal (5% de la MO) | C25: Global | D25: 0.05
B26: 10. Costo Flete Promedio Mula (Trans Interno) | C26: Flete | D26: 85000
B27: 11. Transporte Mayor Insumos (15% de Insumos) | C27: Global | D27: 0.15
B29: A. ESTABLECIMIENTO CERCO VIVO Y/O ENRIQUECIMIENTO FORESTAL
B30: CATEGORIA DE INVERSION | C30: Unidad | D30: Cantidad / Ha | E30: Valor Unitario ($) | F30: Valor Total/Ha ($) | G30: Valor Total Proyecto ($)
B31: 1, COSTOS DIRECTOS
B32: 1.1. MANO DE OBRA
B33: Preparación del terreno | C33: Mts Cuadrados | D33: 10000 | E33: =+(($E$23*D69)/D33) -> 77.421 | F33: =+D33*E33 -> 774210 | G33: =+F33 -> 774210
B34: Trazado | C34: Arboles | D34: =+$D$12 -> 11126 | E34: =+(($E$23*D70)/D34) -> 41.751393 | F34: =+D34*E34 -> 464526 | G34: =+F34 -> 464526
B35: Plateo (2) | C35: Plateo | D35: =+$D$12 -> 11126 | E35: =+(($E$23*D71)/D35) -> 83.502786 | F35: =+D35*E35 -> 929052 | G35: =+F35*2 -> 1858104
B36: Ahoyado y Repique | C36: Arboles | D36: =+$D$12 -> 11126 | E36: =+(($E$23*D72)/D36) -> 97.419917 | F36: =+D36*E36 -> 1083894 | G36: =+F36 -> 1083894
B37: Aplicación de Correctivos | C37: Arboles | D37: =+$D$12 -> 11126 | E37: =+(($E$23*D73)/D37) -> 42.564289 | F37: =+D37*E37 -> 473570.28 | G37: =+F37 -> 473570.28
B38: Aplicación de Fertilizantes (2) | C38: Arboles | D38: =+$D$12 -> 11126 | E38: =+(($E$23*D74)/D38) -> 41.751393 | F38: =+D38*E38 -> 464526 | G38: =+F38*2 -> 929052
B39: Transporte interno de insumos | C39: Flete | D39: =+D75 -> 243.97567 | E39: =+D26 -> 85000 | F39: =+D39*E39 -> 20737932 | G39: =+F39 -> 20737932
B40: Siembra | C40: Arboles | D40: =+$D$12 -> 11126 | E40: =+(($E$23*D76)/D40) -> 104.37848 | F40: =+D40*E40 -> 1161315 | G40: =+F40 -> 1161315
B41: Control fitosanitario (2) | C41: Arboles | D41: =+$D$12 -> 11126 | E41: =+(($E$23*D77)/D41) -> 41.751393 | F41: =+D41*E41 -> 464526 | G41: =+F41*2 -> 929052
B42: Reposición (Replante) | C42: Arboles | D42: =D13 -> 1668.9 | E42: =+(($E$23*D78)/D42) -> 463.90437 | F42: =+D42*E42 -> 774210 | G42: =+F42 -> 774210
B43: Limpias (2) | C43: Mts Cuadrados | D43: 10000 | E43: =+(($E$23*D79)/D43) -> 76.64679 | F43: =+D43*E43 -> 766467.9 | G43: =+F43*2 -> 1532935.8
B44: Adecuación de Barreras Cortafuego (2) | C44: Mts Lineales | D44: 1000 | E44: =+(($E$23*D80)/D44) -> 696.789 | F44: =+D44*E44 -> 696789 | G44: =+F44*2 -> 1393578
B45: SUBTOTAL MANO DE OBRA | F45: =+SUM(F33:F44) -> 28791018 | G45: =+SUM(G33:G44) -> 32112379
B46: 1.2. INSUMOS
B47: Plántulas + 15% repos. | C47: Plantulas | D47: =+D12+D13 -> 12794.9 | E47: =+E12 -> 5450 | F47: =+D47*E47 -> 69732205 | G47: =F47 -> 69732205
B48: Elementos menores (NPK. Em) | C48: Kg. | D48: =ROUNDUP((D47*D15)/1000,0) -> 896 | E48: =+E15 -> 3686.9565 | F48: =+D48*E48 -> 3303513 | G48: =F48 -> 3303513
B49: Urea | C49: Kg. | D49: =ROUNDUP(((D12+D13)*D16)/1000,0) -> 960 | E49: =+E16 -> 3191.3333 | F49: =+D49*E49 -> 3063680 | G49: =F49 -> 3063680
B50: Humus | C50: Kg. | D50: =ROUNDUP(((D12+D13)*D17)/1000,0) -> 5118 | E50: =+E17 -> 1359.136 | F50: =+D50*E50 -> 6956058 | G50: =F50 -> 6956058
B51: Triple 15 | C51: Kg. | D51: =ROUNDUP(((D12+D13)*D18)/1000,0) -> 960 | E51: =+E18 -> 3627.8667 | F51: =+D51*E51 -> 3482752 | G51: =F51 -> 3482752
B52: Amulet | C52: Litro | D52: =+D21 -> 1 | E52: =+E21 -> 70390 | F52: =+D52*E52 -> 70390 | G52: =F52 -> 70390
B53: Cipermetryna | C53: Litro | D53: =+D22 -> 1 | E53: =+E22 -> 36516.667 | F53: =+D53*E53 -> 36516.667 | G53: =F53 -> 36516.667
B54: Cal Dolomita | C54: Kg. | D54: =ROUNDUP(((D12+D13)*D20)/1000,0) -> 768 | E54: =+E20 -> 635.33333 | F54: =+D54*E54 -> 487936 | G54: =F54 -> 487936
B55: Hidroretenedor | C55: Kg. | D55: =ROUNDUP(((D12+D13)*D19)/1000,0) -> 58 | E55: =+E19 -> 67850 | F55: =+D55*E55 -> 3935300 | G55: =F55 -> 3935300
B56: SUBTOTAL INSUMOS | F56: =+SUM(F47:F55) -> 91068351 | G56: =+SUM(G47:G55) -> 91068351
B57: TOTAL COSTOS DIRECTOS (MAO+INSUMOS) | F57: =+F45+F56 -> 1.1985937e+08 | G57: =+G45+G56 -> 1.2318073e+08
B58: 2. COSTOS INDIRECTOS
B59: Herramientas (5% MANO DE OBRA NO CALIFICADA) | F59: =ROUND($F$45*$D$24,0) -> 1439551 | G59: =G45*D24 -> 1605618.9
B60: Elementos de Proteccion Personal (5% MANO DE OBRA NO CALIFICADA) | F60: =ROUND($F$45*$D$25,0) -> 1439551 | G60: =G45*D25 -> 1605618.9
B61: Transp. Insumos (15% insumos) | F61: =ROUNDUP(F56*D27,0) -> 13660253 | G61: =G56*D27 -> 13660253
B62: TOTAL COSTOS INDIRECTOS | F62: =SUM(F59:F61) -> 16539355 | G62: =SUM(G59:G61) -> 16871490
B63: TOTAL COSTOs DIRECTOS+ COSTOS INDIRECTOS | F63: =+F57+F62 -> 1.3639872e+08 | G63: =+G57+G62 -> 1.4005222e+08
B65: RENDIMIENTO POR HECTAREA PARA DOS MANTENIMIENTOS
B66: DESCRIPCION ACTIVIDAD | C66: UNIDAD | D66: CANTIDAD | G66: Capacidad de carga Transporte mular (en bultos) | I66: 1.5 | J66: 1 bulto = 50 kg
G67: Capacidad de carga Transporte mular (No. Plantulas) | I67: 100
D68: RP | G68: DESCRIPCION | H68: PESO (Kg) | I68: No de Bultos | J68: Total Fletes
B69: Preparación del terreno | C69: Jornal | D69: 10 | G69: Urea | H69: =+D49 -> 960 | I69: =+H69/50 -> 19.2 | J69: =+I69/I66 -> 12.8
B70: Trazado | C70: Jornal | D70: 6 | G70: Humus | H70: =+D50 -> 5118 | I70: =+H70/50 -> 102.36 | J70: =+I70/I66 -> 68.24
B71: Plateo | C71: Jornal | D71: 12 | G71: Triple 15 | H71: =+D51 -> 960 | I71: =+H71/50 -> 19.2 | J71: =+I71/I66 -> 12.8
B72: Ahoyado y Repique | C72: Jornal | D72: 14 | G72: Elementos menores | H72: =+D48 -> 896 | I72: =+H72/50 -> 17.92 | J72: =+I72/I66 -> 11.946667
B73: Aplicación de Correctivos | C73: Jornal | D73: 6.1168195 | G73: Calo dolomita | H73: =+D54 -> 768 | I73: =+H73/50 -> 15.36 | J73: =+I73/I66 -> 10.24
B74: Aplicación de fertilizantes | C74: Jornal | D74: 6 | G74: Plantulas | J74: =+D47/I67 -> 127.949
B75: Transporte interno de insumos | C75: Flete | D75: =J76 -> 243.97567 | G75: =B55 -> Hidroretenedor | H75: =D55 -> 58
B76: Siembra | C76: Jornal | D76: 15 | G76: TOTAL | I76: =SUM(I69:I74) -> 174.04 | J76: =SUM(J69:J74) -> 243.97567
B77: Control fitosanitario | C77: Jornal | D77: 6
B78: Reposición (Replante) | C78: Jornal | D78: 10
B79: Limpia | C79: Jornal | D79: 9.9
B80: Adecuación de barreras cortafuego | C80: Jornal | D80: 9
B81: total | D81: =D69+D70+D71+D72+D74+D73+D76+D77+D78+D79+D80 -> 104.01682
B85: Estructurador
B86: C.C.
B91: Estructurador
B92: C.C.

Sheet AISLAMIENTO
B3: COSTOS AISLAMIENTO
B4: SISTEMA A IMPLEMENTAR: | C4: AISLAMIENTO PROTECTOR TRADICIONAL
B5: CORPORACIÓN / AAU: | C5: CORTOLIMA
B6: NOMBRE DEL PROYECTO : | C6: RESTAURACION ECOLOGICA PAI GUARINO- AMOYA 2026
B8: META RESTAURACIÓN PASIVA (Has) | C8: 0 | D8: Metros/Has
B10: DISEÑO DE AISLAMIENTO | D10: Costo Unitario $ | E10: ESPECIFICACIONES TECNICAS
B11: # Postes plasticos/KM | C11: 400 | D11: ='Estudio de Mercado'!N46 -> 45166.667 | E11: Dimensión del poste | G11: (8x8x210cm)
B12: # Postes Piedeamigo/KM | C12: 47 | D12: ='Estudio de Mercado'!N47 -> 29550 | E12: Dimension poste madera (Inmunizado) | G12: (10x10x220 cm)
B13: # Postes de reemplazo/ KM (Mantenimiento) (5%) | C13: =+C11*5% -> 20 | D13: =+'[1]Estudio de Mercado'!N47 -> 29333.333 | E13: Peso poste plastico Aprox. (Kg) | G13: 10
B14: Alambre de pua/Rollos alambre/KM | C14: 9 | D14: ='Estudio de Mercado'!N27 -> 279560 | E14: Peso poste madera Aprox. (Kg) | G14: 16
B15: Alambre galvanizado Kg/Km | C15: 42 | D15: =+'[1]Estudio de Mercado'!O28 -> 10391.08 | E15: Distancia entre postes (m) | G15: 2.5
B16: Grapas/km en kg. (180 Grapas/Kg) | C16: 7.5 | D16: =+'[1]Estudio de Mercado'!N30 -> 8283.3333 | E16: Distancia entre pie de amigos (m) | G16: 20
B17: Aislador pivote x100 unidades(Bolsa) (con puntilla) | C17: 4.5 | D17: =+'[1]Estudio de Mercado'!H29 -> 31535 | E17: Calibre alambre de púa | G17: 12.5
B18: Galon Pintura (Galon) (Señalizacion) / Km | C18: 1 | D18: =+'[1]Estudio de Mercado'!N18 -> 49050 | E18: Calibre alambre dulce | G18: 12.5
B19: Disolvente THINER (Galon) (Señalizacion) / Km | C19: 1 | D19: =+'[1]Estudio de Mercado'!N19 -> 39050 | E19: Metros de alambre dulce x kilo | G19: 27
B20: Costo Flete zona promedio | D20: 85000 | E20: Metros de alambre de pua/rolllo | G20: 350
B21: Costo por Jornal | D21: ='Estudio de Mercado'!B71 -> 77421 | E21: Hilos alambre pua | G21: 3
B22: Costo Transp. mayor (% de insumos) | C22: 0.15 | E22: Hilos de alambre dulce | G22: 1
B23: Herramientas (%M.O.) | C23: 0.05 | E23: Distancia entre hilos (cm) | G23: 25 cm
B24: Elementos de Proteccion Personal (%M.O.) | C24: 0.05 | E24: Dimensión del hoyo cms. (prof. x lados) | G24: 50x40x40
E25: Número de grapas por Poste | G25: 3
E26: Numero de pivotes por poste | G26: 1
E29: META AISLAMIENTO
E30: 12 | G30: KM
B32: ITEM | C32: COSTOS / KM (1000 ML) | G32: COSTO TOTAL AISLAMIENTO
C33: Unidad | D33: Cantidad | E33: Valor Unitario $ | F33: Valor total/Km
B34: 1.COSTOS DIRECTOS
B35: 1.1 Mano de obra
B36: Limpia | C36: ML | D36: 1000 | E36: =+(($D$21*D75)/D36) -> 154.842 | F36: =+D36*E36 -> 154842 | G36: =+F36*$E$30 -> 1858104
B37: Trazado | C37: ML | D37: 1000 | E37: =+(($D$21*D76)/D37) -> 154.842 | F37: =+D37*E37 -> 154842 | G37: =+F37*$E$30 -> 1858104
B38: Ahoyado | C38: ML | D38: 1000 | E38: =+(($D$21*D77)/D38) -> 372.89153 | F38: =+D38*E38 -> 372891.53 | G38: =+F38*$E$30 -> 4474698.3
B39: Transporte menor | C39: Flete | D39: =D82 -> 102.14975 | E39: =+D20 -> 85000 | F39: =+D39*E39 -> 8682728.5 | G39: =+F39*$E$30 -> 1.0419274e+08
B40: Hincado | C40: ML | D40: 1000 | E40: =+(($D$21*D79)/D40) -> 387.105 | F40: =+D40*E40 -> 387105 | G40: =+F40*$E$30 -> 4645260
B41: Templado y grapado | C41: ML | D41: 1000 | E41: =+(($D$21*D80)/D41) -> 232.263 | F41: =+D41*E41 -> 232263 | G41: =+F41*$E$30 -> 2787156
B42: Pintado y Señalizado | C42: ML | D42: 1000 | E42: =+(($D$21*D81)/D42) -> 154.842 | F42: =+D42*E42 -> 154842 | G42: =+F42*$E$30 -> 1858104
B43: Subtotal mano de obra | F43: =+SUM(F36:F42) -> 10139514 | G43: =+SUM(G36:G42) -> 1.2167417e+08
B44: 1.2 Insumos
B45: Alambre de pua (Rollo) | C45: Rollo | D45: =+C14 -> 9 | E45: =+D14 -> 279560 | F45: =+D45*E45 -> 2516040 | G45: =+F45*$E$30 -> 30192480
B46: Alambre dulce | C46: Kg | D46: =+C15 -> 42 | E46: =+D15 -> 10391.08 | F46: =+D46*E46 -> 436425.36 | G46: =+F46*$E$30 -> 5237104.3
B47: Postes plasticos | C47: Poste | D47: =+C11 -> 400 | E47: =+D11 -> 45166.667 | F47: =+D47*E47 -> 18066667 | G47: =+F47*$E$30 -> 2.168e+08
B48: Postes de madera | C48: Poste | D48: =+C12 -> 47 | E48: =+D12 -> 29550 | F48: =+D48*E48 -> 1388850 | G48: =+F48*$E$30 -> 16666200
B49: Grapa (Kgr.) | C49: Kg | D49: =+C16 -> 7.5 | E49: =+D16 -> 8283.3333 | F49: =+D49*E49 -> 62125 | G49: =+F49*$E$30 -> 745500
B50: Aislador pivote (bolsa 100 Unid) | C50: Bolsa | D50: =+C17 -> 4.5 | E50: =+D17 -> 31535 | F50: =+D50*E50 -> 141907.5 | G50: =+F50*$E$30 -> 1702890
B51: Pintura Aceite (Gal) | C51: Galon | D51: =+C18 -> 1 | E51: =+D18 -> 49050 | F51: =+D51*E51 -> 49050 | G51: =+F51*$E$30 -> 588600
B52: Thinner | C52: Galon | D52: =+C19 -> 1 | E52: =+D19 -> 39050 | F52: =+D52*E52 -> 39050 | G52: =+F52*$E$30 -> 468600
B53: Subtotal Insumos | F53: =+SUM(F45:F52) -> 22700115 | G53: =SUM(G45:G52) -> 2.7240137e+08
B54: TOTAL COSTOS DIRECTOS | F54: =+F43+F53 -> 32839629 | G54: =+G43+G53 -> 3.9407554e+08
B55: 2. COSTOS INDIRECTOS
B56: Herramientas (5% M.O) | F56: =+F43*C23 -> 506975.7 | G56: =+F56*$E$30 -> 6083708.4
B57: Elementos de Proteccion Personal (5% M.O) | F57: =+F43*C24 -> 506975.7 | G57: =+F57*$E$30 -> 6083708.4
B58: Transporte de Insumos (15% Insumos) | F58: =+F53*C22 -> 3405017.2 | G58: =+F58*$E$30 -> 40860206
B59: TOTAL COSTOS INDIRECTOS | F59: =SUM(F56:F58) -> 4418968.6 | G59: =SUM(G56:G58) -> 53027623
B60: TOTAL COSTOS DIRECTOS + COSTOS INDIRECTOS | F60: =+F54+F59 -> 37258597 | G60: =+G54+G59 -> 4.4710317e+08 | I60: 4.4710316e+08
I61: 447103165
B63: DESCRIPCION | C63: PESO (Kg) | D63: CALCULO No DE FLETES
B64: Capacidad de Carga Transporte Mular.(Und.) KG (distancias cortas) | C64: 85 | D64: DESCRIPCIÓN | E64: Capacidad/Mular | F64: Total unidad/mula | G64: Total Fletes
B65: Peso Poste plastico (Kg) | C65: 12 | D65: Postes plasticos | E65: 8 | F65: 8 | G65: =D47/F65 -> 50
B66: Peso poste madera (Kg) | C66: 16 | D66: Postes madera | E66: 6 | F66: 6 | G66: =D48/F66 -> 7.8333333
B67: Peso rollo alambre de pua (Kg) | C67: 33.5 | D67: Rollos de alambre de pua | E67: 2 | F67: 2 | G67: =D45/F67 -> 4.5
B68: Peso alambre dulce (Kg) | C68: 42 | D68: Kilos de alambre dulce | E68: =+C64/C68 -> 2.0238095 | F68: 2 | G68: =D46/F68 -> 21
B69: Peso grapas (Kg) | C69: 1 | D69: TOTAL | F69: =SUM(F65:F68) -> 18 | G69: =SUM(G65:G68) -> 83.333333
B70: Pintura/Galon | C70: 6
B71: Thinner/Galon | C71: 3
B73: RENDIMIENTO POR HECTAREA
B74: DESCRIPCION ACTIVIDAD | C74: UNIDAD | D74: CANTIDAD
B75: Limpia | C75: Jornal | D75: 2
B76: Trazado | C76: Jornal | D76: 2
B77: Ahoyado y repique | C77: Jornal | D77: 4.8164132
B78: Transporte menor | C78: Flete | D78: =G69 -> 83.333333
B79: Hincado | C79: Jornal | D79: 5
B80: Templado y grapado | C80: Jornal | D80: 3
B81: Pintado | C81: Jornal | D81: 2
B82: TOTAL | D82: =SUM(D75:D81) -> 102.14975

Sheet TOTAL PROYECTO
D7: ACTIVIDAD | E7: UNIDAD | F7: CANTTIDAD | G7: VALOR UNITARIO | H7: COSTO TOTAL/ACTIVIDAD
D8: CERVA VIVA/ ENR. FORESTAL | E8: arbol | F8: ='CERCA VIVA'!D12 -> 11126 | G8: ='CERCA VIVA'!G63/'CERCA VIVA'!D12 -> 12587.832 | H8: ='CERCA VIVA'!G63 -> 1.4005222e+08
D9: AISLAMIENTO | E9: km | F9: =AISLAMIENTO!E30 -> 12 | G9: =AISLAMIENTO!G60/AISLAMIENTO!E30 -> 37258597 | H9: =AISLAMIENTO!G60 -> 4.4710317e+08
D10: PRESUPUESTO OFICIAL | H10: =SUM(H8:H9) -> 5.8715538e+08
